 Dungeon Sprint DCSS version 0.31-a0-765-g67fe2935dc (webtiles) character file.

Game seed: 13926605978796681068

177 fozzywoppz the Fighter (level 5, -12/40 HPs)
             Began as a Gargoyle Fighter on Sept 15, 2023.
             Mangled by a human
             ... wielding a +0 whip
              (15 damage)
             ... in the Dungeon (Sprint III: "The Ten Rune Challenge").
             The game lasted 00:02:01 (444 turns).

fozzywoppz the Fighter (Gargoyle Fighter)            Turns: 444, Time: 00:02:01

Health: -12/40     AC: 12    Str: 19 (20) XL:     5   Next: 57%
Magic:  5/5        EV:  9    Int:  7 (8)  God:
Gold:   29         SH:  5    Dex: 11      Spells: 4/4 levels left

rFire   . . .        a - +0 flail
rCold   . . .        c - +0 buckler
rNeg    + . .        b - +0 scale mail
rPois   ∞            (no helmet)
rElec   +            l - +0 cloak
rCorr   .            (no gloves)
SInv    .            (no boots)
Will    .....        (no amulet) Stlth
                     (no ring)
HPRegen 0.26/turn    (no ring)
MPRegen 0.09/turn

%: no teleportation
@: no status effects
A: sickness immunity, AC +4, negative energy resistance 1, electricity
resistance, torment resistance 1, petrification resistance, deterioration 1
a: no special abilities


You were in the Dungeon.
You visited 1 branch You collected 29 gold pieces.

Inventory:

Hand Weapons
 a - a +0 flail (weapon)
Armour
 b - a +0 scale mail (worn)
 c - a +0 buckler (worn)
 l - a +0 cloak (worn)
Scrolls
 j - a scroll of blinking
 k - a scroll of identify {unknown}
 n - a scroll of torment {unknown}
 o - a scroll of fear {unknown}
 q - a scroll of immolation {unknown}
 r - a scroll of enchant weapon {unknown}
Potions
 d - a potion of might
 e - 3 potions of curing
 g - a potion of haste
 h - 2 potions of magic
 i - a potion of berserk rage
 p - 4 potions of enlightenment


   Skills:
 + Level 8.3 Fighting
 + Level 7.2 Maces & Flails
 - Level 5.0 Armour
 - Level 5.0 Shields


You had 4 spell levels left.
You didn't know any spells.
Your spell library contained the following spells:

 Spells                   Type           Power      Damage    Failure   Level
 Tukima's Dance           Hex            0%         N/A       99%         3
 Dimensional Bullseye     Hex/Tloc       0%         N/A       100%        4
 Iskenderun's Mystic Bla  Conj/Tloc      0%         2d3       100%        4


Dungeon Overview and Level Annotations

Branches:
Dungeon (1/1)

Altars:
Kikubaaqudgha
Okawaru
Sif Muna
Trog
Uskayaw
Vehumet
Wu Jian


Innate Abilities, Weirdness & Mutations

You are immune to sickness and miasma.
Your stone body is resilient. (AC +4)
You are immune to poison.
You resist negative energy. (rN+)
You are resistant to electric shocks. (rElec)
You are resistant to unholy torment.
You are immune to petrification.
Your body sometimes deteriorates upon taking damage.


Message History

You closely miss the human. You block the human's attack.
The human hits you but does no damage.
You miss the human. The human hits you with a +0 whip.
Your body deteriorates!
You feel dopey.
You barely miss the human. The human barely misses you.
The human hits you with a +0 whip!
Your body deteriorates!
You feel weakened.
You completely miss the human. The human hits you but does no damage.
Okay, then.
You closely miss the human. The human hits you with a +0 whip.
You block the human's attack.
You sock the human!
The human is moderately wounded.
The human hits you with a +0 whip!
* * * LOW HITPOINT WARNING * * *
You feel much better. The human hits you with a +0 whip! x2
* * * LOW HITPOINT WARNING * * *
You feel much better. The human hits you with a +0 whip.
You miss the human.
The human is moderately wounded.
The human hits you with a +0 whip! The human completely misses you.
You closely miss the human.
The human is moderately wounded.
The human hits you with a +0 whip!
* * * LOW HITPOINT WARNING * * *
The human hits you with a +0 whip.
* * * LOW HITPOINT WARNING * * *
You closely miss the human.
The human is moderately wounded.
The human closely misses you.
You closely miss the human.
The human is moderately wounded.
You block the human's attack. The human hits you but does no damage.
You thump the human!
The human is moderately wounded.
The human closely misses you. You block the human's attack.
You miss the human.
The human is moderately wounded.
The human hits you with a +0 whip!
You die...

▓▓▓ ▓▓▓ ..♣♣♣ ♣.#
##### ....♣ ♣.# #___#
....♣♣ ♣.# #__.#
...~.♣♣ ♣.###+#p###+##
..~~..♣♣♣.#.....@....#
.~~~~♣♣♣..'.⌠........#
.~≈≈~~~.♣.#...######+#
~~≈~~~....#.⌠.#
~≈~~~.....#...#
~~~.......#)###
..........#...#
....÷.....#___#
▓▓▓▓▓▓▓▓▓▓▓▓▓▓▓


You could see a human (berserk).

Vanquished Creatures
  A water elemental (D)
  Crazy Yiuf (D)
  Jessica (D)
  A wizard (D)
  A human (D)
  A kobold demonologist (D)
  An endoplasm (D)
  2 rats (D)
9 creatures vanquished.

Notes
Turn   | Place    | Note
-------+----------+-------------------------------------------
     0 | D        | fozzywoppz the Gargoyle Fighter began the quest for the
                  | Orb.
     0 | D        | Reached XP level 1. HP: 14/14 MP: 1/1
    64 | D        | Noticed Jessica
    83 | D        | Killed Jessica
    84 | D        | Reached skill level 4 in Fighting
    84 | D        | Reached XP level 2. HP: 6/20 MP: 2/2
    84 | D        | Reached XP level 3. HP: 8/24 MP: 3/3
   179 | D        | Reached skill level 5 in Fighting
   179 | D        | Reached skill level 5 in Armour
   179 | D        | Reached skill level 5 in Shields
   185 | D        | Noticed Crazy Yiuf
   194 | D        | Killed Crazy Yiuf
   195 | D        | Reached XP level 4. HP: 10/32 MP: 4/4
   276 | D        | Gained mutation: Armour fits poorly on your strangely
                  | shaped body. [potion of mutation]
   280 | D        | Lost mutation: Armour fits poorly on your strangely shaped
                  | body. [potion of mutation]
   280 | D        | Gained mutation: Your body sometimes deteriorates upon
                  | taking damage. [potion of mutation]
   309 | D        | Noticed a water elemental
   323 | D        | Killed a water elemental
   324 | D        | Reached skill level 7 in Fighting
   324 | D        | Reached XP level 5. HP: 21/38 MP: 5/5
   395 | D        | Found a radiant altar of Vehumet.
   395 | D        | Found a shimmering blue altar of Sif Muna.
   395 | D        | Found an ancient bone altar of Kikubaaqudgha.
   405 | D        | Reached skill level 8 in Fighting
   412 | D        | Noticed a red devil
   425 | D        | Found a hide-covered altar of Uskayaw.
   425 | D        | Found an iron altar of Okawaru.
   425 | D        | Found a bloodstained altar of Trog.
   425 | D        | Found an ornate altar of the Wu Jian Council.
   425 | D        | Noticed a human
   426 | D        | Noticed a human
   440 | D        | HP: 2/40 [human/+0 whip (1)]
   444 | D        | Mangled by a human

Illustrated notes

Levels and vault maps discovered:
D:        dungeon_sprint_mu [sprint_mu_entry_forest, sprint_mu_temple_rooms,
          sprint_mu_d1_horrors, sprint_mu_d2_genie, sprint_mu_d3_branching,
          sprint_mu_orc_legion, sprint_mu_elf_gauntlet, sprint_mu_hive_nellie,
          sprint_mu_lair_fedhas, sprint_mu_vaults_butterflies,
          sprint_mu_slime_circle, sprint_mu_swamp_cave, sprint_mu_snake_twists,
          sprint_mu_blade_basic, sprint_mu_crypt_fortress,
          sprint_mu_tomb_spiral, sprint_mu_vestibule_basic,
          sprint_mu_gehenna_hellfire, sprint_mu_dis_giant,
          sprint_mu_tartarus_statrot, sprint_mu_cocytus_islands, sprint_mu_zot1]

Skill      XL: |  1  2  3  4  5 |
---------------+----------------+-----
Fighting       | 4 5 7 8 |  8.3
Maces & Flails | 3 4 6 7 |  7.2
Armour         | 4 5 |  5.0
Shields        | 4 5 |  5.0

Action                     |  1- 3 |  4- 6 || total
---------------------------+-------+-------++-------
  Melee: Flail             |    40 |    41 ||    81
    Use: Potion            |       |     4 ||     4
 Armour: Scale mail        |    24 |    36 ||    60
  Dodge: Dodged            |     9 |    15 ||    24
  Block: Buckler           |     6 |    10 ||    16

Table legend: (Time is in decaauts)
 A = Elapsed time spent in this place.
 B = Non-inter-level travel time spent in this place.
 C = Inter-level travel time spent in this place.
 D = Time resting spent in this place.
 E = Time spent auto-exploring this place.
 F = Levels seen in this place.
 G = Mean time per level.
                   A        B        C        D        E       F      G
               +--------+--------+--------+--------+--------+-----+--------+
         Total |    464 |    464 |      0 |    241 |      0 |   1 |  464.0 |
       Dungeon |    464 |    464 |      0 |    241 |      0 |   1 |  464.0 |
               +--------+--------+--------+--------+--------+-----+--------+

Top non-repeatable levels by time:
       D: 464 daAuts
